 Dungeon Crawl Stone Soup version 0.20-a0-32-gb8e7c72 (webtiles) character file.

247 KristoblXynda the Covert (level 5, -5/37 HPs)
             Began as a Spriggan Assassin on Nov 9, 2016.
             Killed from afar by an orc wizard (11 damage)
             ... with a puff of flame
             ... on level 3 of the Dungeon.
             The game lasted 00:06:05 (4644 turns).

KristoblXynda the Covert (Spriggan Assassin)        Turns: 4644, Time: 00:06:06

Health: -5/37      AC:  3    Str: 13    XL:     5   Next: 85%
Magic:  6/6        EV: 20    Int: 12    God:
Gold:   86         SH:  0    Dex: 18    Spells: 0 memorised, 4 levels left

rFire  . . .     SeeInvis +     a - +2 dagger
rCold  . . .     Gourm    .     c - +0 robe
rNeg   . . .     Faith    .     (shield restricted)
rPois  .         Spirit   .     (helmet restricted)
rElec  .         Reflect  .     d - +0 cloak
rCorr  .         Harm     .     (gloves unavailable)
MR     .....                    (boots unavailable)
Stlth  ..........               (no amulet)
                                (no ring)
                                (no ring)

@: berserking, flying, very quick
A: unfitting armour, see invisible, herbivore 3, speed 3, slow metabolism 2
a: no special abilities


You were on level 3 of the Dungeon.
You were full.

You visited 1 branch of the dungeon, and saw 3 of its levels.

You collected 86 gold pieces.

Inventory:

Hand Weapons
 a - a +2 dagger (weapon)
 b - a +0 blowgun
Missiles
 f - 2 curare-tipped needles
Armour
 c - a +0 robe (worn)
 d - a +0 cloak (worn)
Jewellery
 p - an uncursed ring of protection from magic {unknown}
Scrolls
 j - a scroll of fear {unknown}
 l - 4 scrolls of teleportation
 r - 2 scrolls of remove curse
 t - a scroll of amnesia {unknown}
Potions
 h - a potion of lignification {unknown}
 i - a potion of cancellation {unknown}
 k - 2 potions of resistance
 o - a potion of invisibility
 s - a potion of haste {unknown}
Comestibles
 g - 2 bread rations


   Skills:
 - Level 1.5 Fighting
 + Level 4.3 Short Blades
 - Level 2.0 Throwing
 + Level 4.6 Dodging
 + Level 8.1 Stealth


You had 4 spell levels left.
You didn't know any spells.

Dungeon Overview and Level Annotations

Branches:
Dungeon (3/15)

Altars:
Ashenzari
Sif Muna
Yredelemnul


Innate Abilities, Weirdness & Mutations

You are very small and have problems with some larger weapons.
You are too small for most types of armour.
You have supernaturally acute eyesight. (SInv)
You are a herbivore.
You cover ground extremely quickly.
You need consume almost no food.


Message History

The orc wizard is heavily wounded.
The orc wizard gestures at you while chanting.
The puff of frost hits you!
* * * LOW HITPOINT WARNING * * *
The orc wizard struggles against the net.
The net rips apart, and the orc wizard comes free!
You see here 7 tomahawks.
It was a potion of flight.
You feel very buoyant.
You fly up into the air.
It was a potion of berserk rage.
A red film seems to cover your vision as you go berserk!
You feel yourself moving faster!
You feel mighty! The orc wizard barely misses you.
Unknown command.
You puncture the orc wizard!
The orc wizard is almost dead.
The orc wizard gestures at you while chanting.
The puff of flame hits you!
You die...

######### .....<..#
#######.################
#..........@o.....#
#..##############.#
#..######## #.#
#.........# #(#
#>#######.# #.# #.#
###.# #)# #<# #...#
###.# ####
#.#####.#.#####.).# ...#
#.##((.(.(..o((.###


You could see an orc wizard.

Vanquished Creatures
  A bullfrog skeleton (D:1)
  An orc wizard (D:3)
  5 gnolls
  5 adders
  A shadow imp (D:3)
  2 worms
  4 orcs (D:3)
  2 giant cockroaches
  9 goblins
  8 hobgoblins
  15 jackals
  A kobold (D:2)
  2 quokkas
  5 bats
  A frilled lizard (D:2)
  22 rats
  A spectral orc (D:3)
85 creatures vanquished.

Notes
Turn   | Place    | Note
-------+----------+-------------------------------------------
     0 | D:1      | KristoblXynda the Spriggan Assassin began the quest for the Orb.
     0 | D:1      | Reached XP level 1. HP: 10/10 MP: 2/2
   175 | D:1      | Reached skill level 6 in Stealth
   223 | D:1      | Reached XP level 2. HP: 8/14 MP: 3/3
   965 | D:1      | Reached XP level 3. HP: 5/18 MP: 4/4
  1831 | D:1      | Reached XP level 4. HP: 20/22 MP: 5/5
  2262 | D:2      | Reached skill level 7 in Stealth
  3180 | D:3      | Found a deep blue altar of Sif Muna.
  3321 | D:3      | Found a shattered altar of Ashenzari.
  3389 | D:3      | Reached XP level 5. HP: 16/25 MP: 6/6
  4080 | D:3      | Found a basalt altar of Yredelemnul.
  4288 | D:3      | HP: 1/25 [gnoll/flail (4)]
  4322 | D:3      | Reached skill level 8 in Stealth
  4644 | D:3      | Killed from afar by an orc wizard

Vault maps used:
D:1:      erik_arrival_orb_chamber, lemuel_flame_loot_1
D:2:      minmay_distorted
D:3:      lemuel_doored_altar, yredelemnul_forgotten_temple_becter,
          minivault_19, led_sif_book

Skill      XL: |  1  2  3  4  5 |
---------------+----------------+-----
Stealth        | 6 7 8 |  8.1
Dodging        | 2 3 4 |  4.6
Short Blades   | 3 4 |  4.3
Fighting       | |  1.5
Throwing       | |  2.0

Action                   |  1- 3 |  4- 6 || total
-------------------------+-------+-------++-------
Melee: Dagger            |   132 |   231 ||   363
 Fire: Blowgun           |     8 |    30 ||    38
Throw: Throwing net      |       |     1 ||     1
  Use: Potion            |     2 |     2 ||     4
       Scroll            |       |     8 ||     8
 Stab: Sleeping          |     1 |    11 ||    12
       Distracted        |     1 |     2 ||     3
  Eat: Bread ration      |       |     1 ||     1
Armor: Robe              |    24 |    25 ||    49
Dodge: Dodged            |   123 |   136 ||   259
